 Dungeon Crawl Stone Soup version 0.28-a0-1513-ge4f4046303 (webtiles) character file.

Game seed: 9523654043586521968

240 Lekart the Skirmisher (level 5, -12/42 HPs)
             Began as a Draconian Abyssal Knight on Jan 16, 2022.
             Was a Believer of Lugonu.
             Mangled by Duvessa (21 damage)
             ... on level 4 of the Dungeon.
             The game lasted 00:04:37 (3559 turns).

Lekart the Skirmisher (Draconian Abyssal Knight)    Turns: 3559, Time: 00:04:38

Health: -12/42     AC:  5    Str: 15    XL:     5   Next: 79%
Magic:  5/7        EV: 12    Int: 10    God:    Lugonu [**....]
Gold:   125        SH:  5    Dex: 14    Spells: 4/4 levels left

rFire   . . .      SeeInvis .   g - +2 dagger (venom)
rCold   . . .      Faith    .   m - +2 buckler
rNeg    . . .      Spirit   .   (armour unavailable)
rPois   +          Reflect  .   (helmet restricted)
rElec   .          Harm     .   (no cloak)
rCorr   .          Rampage  .   (no gloves)
Will    .....                   (no boots)
Stlth   +.........              (no amulet)
HPRegen 0.14/turn               (no ring)
MPRegen 0.10/turn               (no ring)

@: lit by a corona, glowing
A: AC +5, unfitting armour, cold-blooded, frail 1, poison resistance
a: Renounce Religion, Depart the Abyss, Bend Space


You were on level 4 of the Dungeon.
You worshipped Lugonu.
Lugonu was pleased with you.
You visited 1 branch of the dungeon, and saw 4 of its levels.
You visited the Abyss 1 time.

You collected 125 gold pieces.

Inventory:

Hand Weapons
 a - a +1 falchion
 d - a +0 whip of electrocution
 g - a +2 dagger of venom (weapon)
Missiles
 f - 10 poisoned darts (quivered)
Armour
 m - a +2 buckler (worn)
Jewellery
 c - an amulet of magic regeneration
Scrolls
 b - a scroll of enchant weapon
 i - a scroll of identify
Potions
 e - 4 potions of cancellation {unknown}
 h - a potion of resistance {unknown}
 j - a potion of flight {unknown}
 k - 2 potions of lignification {unknown}
 l - a potion of ambrosia {unknown}
 n - a potion of berserk rage {unknown}
 p - 2 potions of brilliance


   Skills:
 * Level 4.9 Fighting
 + Level 2.2(2.8) Short Blades
 + Level 2.5(3.0) Long Blades
 + Level 1.0 Throwing
 + Level 2.9 Dodging
 + Level 0.4 Shields
 * Level 3.1 Invocations


You had 4 spell levels left.
You didn't know any spells.
Your spell library contained the following spells:

 Spells                   Type           Power      Damage    Failure   Level
 Tukima's Dance           Hex            0%         N/A       83%         3
 Passage of Golubria      Tloc           0%         N/A       99%         4
 Yara's Violent Unravell  Hex/Tmut       0%         3d3       100%        5


Dungeon Overview and Level Annotations

Branches:
Dungeon (4/15)
 Temple: D:4-7

Altars:

Shops:
D:1 [

Annotations:
D:4 Duvessa


Innate Abilities, Weirdness & Mutations

Your plain brown scales are hard. (AC +5)
You cannot fit into any form of body armour.
You are cold-blooded and may be slowed by cold attacks.
You are frail. (-10% HP)
Your system is resistant to poisons. (rPois)


Message History

There are monsters nearby!
Duvessa shouts!
Duvessa roars, "You can run, but you cannot escape us forever!"
Dowan gestures at you while chanting.
You are outlined in light.
Dowan says, "Magic and the sword, together, will defeat you."
Dowan casts a spell at Duvessa.
Duvessa seems to speed up.
You hit Dowan.
Dowan is poisoned.
You tail-slap Dowan.
Dowan is moderately wounded.
Dowan says, "Stay away from my face!"
Dowan points at you and mumbles some strange words.
The puff of flame hits you!
You hit Dowan but do no damage.
Dowan looks as sick as possible!
Your tail-slap misses Dowan.
Dowan is moderately wounded.
Duvessa hits you with a +0 rapier. Dowan barely misses you.
Duvessa hits you with a +0 rapier!
Dowan gestures wildly while chanting.
Dowan blinks!
Dowan casts a spell.
Dowan blinks!
Duvessa hits you with a +0 rapier.
* * * LOW HITPOINT WARNING * * *
Dowan casts a spell.
Dowan blinks!
As you read the scroll labelled JEZXIU PUCE, it crumbles to dust.
It is a scroll of enchant weapon.
Your +1 dagger of venom glows red for a moment.
Duvessa completely misses you. Duvessa barely misses you.
Space bends around you!
You blink.
Lugonu accepts your kill.
Duvessa screams in rage.
Duvessa goes berserk!
You feel a bit more experienced.
Duvessa rages.
Your Short Blades skill increases to level 2!
Your Throwing skill increases to level 1!
Your Invocations skill increases to level 3!
Space bends around you!
You blink.
Duvessa hits you with a +0 rapier!!
Ouch! That really hurt!
You die...

# ..#..#####.#..##..##.......
##..##.......##..............
#...#....##.###.............
#......##.....#.#..^........
#........#.#..###.......##.#
.............#..##.........
.###..#......#.###...........
.........#.#.)..............#
.........###....@..#..##.####
......##.......e...##.# ##
###.#####.####......### #<.#
#..##ยง..#...# .>....#
#...#...##### .).#.##
##.....## ..##... #.....# ##
.(## #..>..# ..# ##.....#


You could see Duvessa (berserk, fast).

Vanquished Creatures
  A scorpion (D:4)
  Dowan (D:4)
  An orc wizard (D:3)
  3 adders
  2 worms (D:2)
  2 dart slugs
  4 orcs (D:3)
  6 ball pythons
  3 bats
  7 endoplasms
  3 giant cockroaches
  5 hobgoblins
  10 kobolds
  5 quokkas
  3 frilled lizards (D:1)
  5 goblins
  8 rats
69 creatures vanquished.

Notes
Turn   | Place    | Note
-------+----------+-------------------------------------------
     0 | Abyss:1  | Lekart the Draconian Abyssal Knight began the quest for the
                  | Orb.
     0 | Abyss:1  | Reached XP level 1. HP: 19/19 MP: 2/2
     2 | Abyss:1  | Found a corrupted altar of Lugonu.
    37 | D:1      | Escaped the Abyss
   137 | D:1      | Reached * piety under Lugonu
   495 | D:1      | Reached XP level 2. HP: 15/27 MP: 3/3
   943 | D:1      | Reached skill level 4 in Fighting
   986 | D:1      | Reached XP level 3. HP: 24/33 MP: 4/4
  1155 | D:1      | Found Kaam's Armour Emporium.
  2013 | D:2      | Reached XP level 4. HP: 41/41 MP: 5/5
  2579 | D:3      | Reached skill level 1 in Short Blades
  2785 | D:3      | Reached ** piety under Lugonu
  3173 | D:3      | Gained mutation: You are frail. (-10% HP) [potion of
                  | mutation]
  3173 | D:3      | Gained mutation: Your system is resistant to poisons.
                  | (rPois) [potion of mutation]
  3382 | D:4      | Reached XP level 5. HP: 39/42 MP: 7/7
  3541 | D:4      | Noticed Dowan
  3542 | D:4      | Noticed Duvessa
  3553 | D:4      | Killed Dowan
  3554 | D:4      | Reached skill level 1 in Throwing
  3559 | D:4      | Mangled by Duvessa

Illustrated notes

Levels and vault maps discovered:
D:1:      minmay_arrival_three_doors, layout_basic, serial_shops,
          nicolae_diamond_shop
D:2:      layout_loops_cross
D:3:      layout_rooms
D:4:      minmay_inner_zag, layout_cave_pools, uniq_blork_the_orc, uniq_duvessa,
          uniq_natasha, uniq_eustachio, uniq_edmund

Skill      XL: |  1  2  3  4  5 |
---------------+----------------+-----
Fighting       | 4 |  4.9
Short Blades   | 1 2 |  2.2
Throwing       | 1 |  1.0
Invocations    | 3 |  3.1
Long Blades    | |  2.5
Dodging        | |  2.9
Shields        | |  0.4

Action                   |  1- 3 |  4- 6 || total
-------------------------+-------+-------++-------
Melee: Falchion          |    52 |       ||    52
       Tailslap          |    12 |    15 ||    27
       Dagger            |    47 |    67 ||   114
       Whip              |    10 |       ||    10
       Punch             |     1 |       ||     1
Throw: Dart              |     9 |     2 ||    11
Invok: Depart the Abyss  |     1 |       ||     1
       Bend Space        |       |     2 ||     2
  Use: Scroll            |       |     4 ||     4
       Potion            |       |     1 ||     1
Armor: Skin              |    30 |     9 ||    39
Dodge: Dodged            |    70 |    39 ||   109
Block: Buckler           |       |    11 ||    11

Table legend: (Time is in decaauts)
 A = Elapsed time spent in this place.
 B = Non-inter-level travel time spent in this place.
 C = Inter-level travel time spent in this place.
 D = Time resting spent in this place.
 E = Time spent auto-exploring this place.
 F = Levels seen in this place.
 G = Mean time per level.
                   A        B        C        D        E       F      G
               +--------+--------+--------+--------+--------+-----+--------+
         Total |   3568 |   3488 |     80 |    564 |   2339 |   5 |  713.6 |
       Dungeon |   3531 |   3451 |     80 |    564 |   2339 |   4 |  882.8 |
         Abyss |     37 |     37 |      0 |      0 |      0 |   1 |   37.0 |
               +--------+--------+--------+--------+--------+-----+--------+

Top non-repeatable levels by time:
     D:1: 1445 daAuts
     D:2: 1005 daAuts
     D:3: 841 daAuts
     D:4: 239 daAuts
 Abyss:1: 37 daAuts
